 Dungeon Crawl Stone Soup version 0.31-a0-984-gbfb7dba898 (webtiles) character file.

Game seed: 3024314949238295950

1197 BinkBink the Ruffian (level 8, 0/80 HPs)
             Began as a Troll Warper on Nov 3, 2023.
             Was a Follower of Qazlal.
             Slain by a gnoll
             ... wielding a +0 spear
             ... led by a gnoll bouda
              (7 damage)
             ... on level 6 of the Dungeon.
             The game lasted 00:04:30 (3809 turns).

BinkBink the Ruffian (Troll Warper)                 Turns: 3809, Time: 00:04:31

Health: 0/80       AC:  4    Str: 22    XL:     8   Next: 20%
Magic:  8/8        EV: 10    Int:  9    God:    Qazlal [*.....]
Gold:   167        SH:  1    Dex:  9    Spells: 9/9 levels left

rFire   . .          .
                       - Unarmed
rCold   . . .        (no shield)
rNeg    . . .        a - +0 robe
rPois   .            (helmet restricted)
rElec   .            (no cloak)
rCorr   .            (gloves unavailable)
SInv    .            (boots unavailable)
Will    .....        (no amulet)
Stlth   +            (no ring)
HPRegen 1.13/turn    (no ring)
MPRegen 0.11/turn

%: no passive effects
@: no status effects
A: large, unfitting armour, claws 3, regeneration 1, shaggy fur 1, tough skin 1
a: Renounce Religion


You were on level 6 of the Dungeon.
You worshipped Qazlal.
Qazlal was aware of your devotion.
You visited 2 branches of the dungeon, and saw 7 of its levels.

You collected 167 gold pieces.

Inventory:

Missiles
 c - 7 darts of dispersal (quivered)
 e - 12 poisoned darts
Armour
 a - a +0 robe (worn)
Jewellery
 h - a ring of ice
 m - a ring of poison resistance
 q - a ring of magical power
 r - a +6 ring of strength
Scrolls
 b - 2 scrolls of blinking
 g - 2 scrolls of enchant weapon {unknown}
 j - 2 scrolls of immolation {unknown}
 l - 9 scrolls of identify {unknown}
 o - a scroll of poison {unknown}
 p - a scroll of teleportation {unknown}
Potions
 d - 2 potions of might
 f - a potion of enlightenment
 i - a potion of magic {unknown}
 k - a potion of attraction {unknown}
 n - a potion of lignification {unknown}
 s - a potion of cancellation {unknown}


   Skills:
 + Level 5.0 Fighting
 - Level 0.8 Throwing
 + Level 5.0 Dodging
 + Level 5.9 Unarmed Combat
 - Level 1.2 Spellcasting
 - Level 2.1 Translocations


You had 9 spell levels left.
You didn't know any spells.
Your spell library contained the following spells:

 Spells                   Type           Power      Damage    Failure   Level
 Blink                    Tloc           8%         N/A       22%         2
 Lesser Beckoning         Tloc           8%         N/A       22%         2
 Freeze                   Ice            0%         1d3       36%         1
 Magic Dart               Conj           0%         1d3       36%         1
 Teleport Other           Tloc           4%         N/A       41%         3
 Call Imp                 Summ           0%         N/A       50%         2
 Ensorcelled Hibernation  Hex/Ice        0%         N/A       50%         2
 Passwall                 Tmut/Erth      0%         N/A       50%         2
 Volatile Blastmotes      Fire/Tloc      4%         2d10      56%         3
 Dazzling Flash           Conj/Hex       0%         N/A       73%         3
 Frozen Ramparts          Ice            0%         1d1       73%         3
 Hailstorm                Conj/Ice       0%         3d3       73%         3
 Mephitic Cloud           Conj/Pois/Air  0%         N/A       73%         3
 Swiftness                Air            0%         N/A       73%         3
 Manifold Assault         Tloc           4%         N/A       82%         4
 Vhi's Electric Charge    Tloc/Air       4%         N/A       93%         4
 Starburst                Conj/Fire      0%         6d3       100%        6
 Maxwell's Capacitive Co  Air            0%         ∞         100%        8


Dungeon Overview and Level Annotations

Branches:
Dungeon (6/15)             Temple (1/1) D:4

Altars:
Ashenzari
Cheibriados
Dithmenos
Elyvilon
Fedhas
Gozag
Hepliaklqana
Kikubaaqudgha
Makhleb
Nemelex Xobeh
Okawaru
Qazlal
Ru
Sif Muna
Trog
Uskayaw
Vehumet
Wu Jian
Xom
Yredelemnul
Zin

Shops:
D:3 [   D:5 (

Annotations:
D:3 1 transporter, kskgo's ghost, amateur FoHs
D:5 1 runed translucent door, Crazy Yiuf


Innate Abilities, Weirdness & Mutations

You are too large for most types of armour.
You have claws for hands.
Your natural rate of healing is unusually fast.
You are covered in fur. (AC +1)
You have tough skin. (AC +1)


Message History

You miss the kobold brigand.
The kobold brigand hits you with a +0 whip.
The gnoll hits you from afar with a +0 spear!
* * * LOW HITPOINT WARNING * * *
You barely miss the kobold brigand.
A kobold comes into view. It is wielding a +0 dagger.
You block the kobold brigand's attack. The gnoll hits you but does no damage.
The kobold shouts!
You scratch the kobold brigand.
The kobold brigand is lightly wounded.
You hear a shout! x2
The kobold brigand closely misses you.
The gnoll hits you from afar with a +0 spear!
* * * LOW HITPOINT WARNING * * *
A kobold comes into view. It is wielding a +0 dagger.
You claw the kobold brigand!
The kobold brigand is heavily wounded.
You block the kobold brigand's attack. The gnoll closely misses you.
You scratch the kobold brigand but do no damage.
The kobold brigand is heavily wounded.
You completely miss the kobold brigand. Your claw misses the kobold brigand.
The kobold brigand is heavily wounded.
The kobold brigand closely misses you. The gnoll closely misses you.
You claw the kobold brigand!
The kobold brigand is almost dead.
The kobold brigand hits you with a +0 whip!
* * * LOW HITPOINT WARNING * * *
The gnoll hits you from afar with a +0 spear.
* * * LOW HITPOINT WARNING * * *
You claw the kobold brigand!
You kill the kobold brigand!
Qazlal accepts your kill.
A kobold comes into view.
It is wielding a +0 short sword of speed.
The gnoll hits you from afar with a +0 spear.
* * * LOW HITPOINT WARNING * * *
Your Fighting skill increases to level 5!
Your Dodging skill increases to level 5!
You closely miss the kobold. The kobold closely misses you.
The gnoll hits you from afar with a +0 spear!
You die...

#.#.##.##.......
............##.#
...........###.##
#.#.##.##..###.. #
#. #.##....#.#######
.........#.#........
.
..#.##....K........
#.
.#.###.###.#######..
< #. #.# #KK@.......
..# #g#######..
##..Ko.. #.###.z#
#zo. #..#. o....
...# #


You could see a gnoll, an orc and 4 kobolds.

Vanquished Creatures
  Grinder (D:5)
  Sigmund (D:5)
  Edmund (D:5)
  An orc warrior (D:6)
  A centaur (D:4)
  A kobold brigand (D:6)
  Blork the orc (D:6)
  A gnoll sergeant (D:5)
  A jelly (D:5)
  Natasha (D:2)
  2 iguanas (D:5)
  3 orc wizards
  4 adders
  3 gnolls (D:5)
  A white imp (D:5)
  A worm (D:2)
  2 dart slugs
  14 orcs
  8 ball pythons
  4 bats
  6 endoplasms
  2 giant cockroaches
  7 goblins
  5 hobgoblins
  3 jackals (D:1)
  3 quokkas
  2 frilled lizards
  3 kobolds
  4 rats
87 creatures vanquished.

Notes
Turn   | Place    | Note
-------+----------+-------------------------------------------
     0 | D:1      | BinkBink the Troll Warper began the quest for the Orb.
     0 | D:1      | Reached XP level 1. HP: 19/19 MP: 1/1
   129 | D:1      | Found a faded altar of an unknown god.
   140 | D:1      | Reached XP level 2. HP: 27/28 MP: 2/2
   708 | D:2      | Reached XP level 3. HP: 35/35 MP: 3/3
  1077 | D:2      | Found a radiant altar of Vehumet.
  1084 | D:2      | Noticed Natasha
  1089 | D:2      | Killed Natasha
  1388 | D:3      | Found a transporter.
  1388 | D:3      | Noticed kskgo's ghost (amateur FoHs)
  1411 | D:3      | Reached XP level 4. HP: 44/44 MP: 4/4
  1491 | D:3      | Found a burning altar of Makhleb.
  1573 | D:3      | Found Seseufu's Antique Armour Boutique.
  1872 | D:3      | Found an ornate altar of the Wu Jian Council.
  2019 | D:3      | Found a sacrificial altar of Ru.
  2282 | D:4      | Noticed a centaur
  2294 | D:4      | Reached XP level 5. HP: 16/52 MP: 5/5
  2315 | D:4      | Killed a centaur
  2374 | D:4      | Found a staircase to the Ecumenical Temple.
  2381 | Temple   | Entered the Ecumenical Temple
  2455 | Temple   | Became a worshipper of Qazlal Stormbringer
  2576 | D:4      | Found an ancient bone altar of Kikubaaqudgha.
  2903 | D:5      | Entered Level 5 of the Dungeon
  2903 | D:5      | Found Idoihuorph's Antique Weapon Boutique.
  2984 | D:5      | Reached XP level 6. HP: 54/61 MP: 6/6
  3020 | D:5      | Found a runed translucent door.
  3021 | D:5      | Noticed Crazy Yiuf
  3071 | D:5      | Found a broken altar of Ashenzari.
  3085 | D:5      | Noticed Sigmund
  3097 | D:5      | Killed Sigmund
  3244 | D:5      | Noticed Edmund
  3254 | D:5      | Killed Edmund
  3255 | D:5      | Reached XP level 7. HP: 58/70 MP: 7/7
  3427 | D:5      | HP: 3/70 [gnoll/+0 flail[a gnoll sergeant] (2)]
  3535 | D:5      | Reached skill level 5 in Unarmed Combat
  3609 | D:5      | Noticed Grinder
  3617 | D:5      | Killed Grinder
  3772 | D:6      | Noticed Blork the orc
  3786 | D:6      | Reached XP level 8. HP: 64/79 MP: 8/8
  3793 | D:6      | Killed Blork the orc
  3800 | D:6      | Reached * piety under Qazlal
  3809 | D:6      | Reached skill level 5 in Fighting
  3809 | D:6      | Reached skill level 5 in Dodging
  3809 | D:6      | Slain by a gnoll

Illustrated notes

Levels and vault maps discovered:
D:1:      matt_arrival_grand_opening, layout_loops_ring,
          hellmonk_ecumenical_altar_dog_temple
D:2:      layout_loops_ring, basic_altar, uniq_natasha
D:3:      layout_loops_corners, mainiacjoe_overflow_six_doors_small,
          lightli_temple_of_fire, mainiacjoe_overflow_surrounded_room,
          serial_shops, nicolae_shop_advertising_works
          [nicolae_subvault_shop_adworks], gammafunk_ghost_mausoleum
D:4:      layout_rooms, nicolae_kikubaaqudgha_miasma_corner,
          minmay_temple_entry_fiery
D:5:      layout_loops_cross, mainiacjoe_overflow_alcove_2, serial_shops,
          nicolae_stop_n_shop_2, uniq_sigmund, uniq_edmund, uniq_grinder,
          uniq_crazy_yiuf_cottage
D:6:      layout_basic, serial_shops, kennysheep_mini,
          nicolae_shop_pleasant_corner_grove, nicolae_shop_getting_attention,
          minmay_misc_feat_tower, uniq_blork_the_orc
Temple:   minmay_temple_bridge_d

Skill      XL: |  1  2  3  4  5  6  7  8 |
---------------+-------------------------+-----
Dodging        | 2 3 4 5 |  5.0
Fighting       | 2 3 4 5 |  5.0
Unarmed Combat | 3 4 5 |  5.9
Throwing       | |  0.8
Spellcasting   | |  1.2
Translocations | |  2.1

Action                     |  1- 3 |  4- 6 |  7- 9 || total
---------------------------+-------+-------+-------++-------
  Melee: Unarmed           |    70 |   126 |    57 ||   253
         Punch             |     2 |     1 |     1 ||     4
    Use: Potion            |       |     2 |     2 ||     4
   Stab: Sleeping          |     1 |     2 |       ||     3
 Armour: Robe              |    40 |   101 |    50 ||   191
  Dodge: Dodged            |    43 |    55 |    34 ||   132
  Block: Other             |       |       |     2 ||     2

Table legend: (Time is in decaauts)
 A = Elapsed time spent in this place.
 B = Non-inter-level travel time spent in this place.
 C = Inter-level travel time spent in this place.
 D = Time resting spent in this place.
 E = Time spent auto-exploring this place.
 F = Levels seen in this place.
 G = Mean time per level.
                   A        B        C        D        E       F      G
               +--------+--------+--------+--------+--------+-----+--------+
         Total |   3800 |   3487 |    313 |      0 |   2895 |   7 |  542.9 |
       Dungeon |   3652 |   3484 |    168 |      0 |   2895 |   6 |  608.7 |
        Temple |    147 |      2 |    145 |      0 |      0 |   1 |  147.0 |
               +--------+--------+--------+--------+--------+-----+--------+

Top non-repeatable levels by time:
     D:3: 1007 daAuts
     D:5: 759 daAuts
     D:1: 659 daAuts
     D:2: 605 daAuts
     D:4: 555 daAuts
  Temple: 147 daAuts
     D:6: 66 daAuts
